| TOP OF THE 1ST |
|
Americus Braves batting - Pitching for Tijuana Toros : RHP Jose Diaz
|
|
Pitching: RHP Jose Diaz
|
|
|
Batting: RHB Ryan Cole
|
0-0: Ball 1-0: Foul Ball, location: 2F 1-1: Ball 2-1: Foul Ball, location: 2F 2-2: Foul Ball, location: 2F 2-2: Fly out, F8 (Flyball, 8RD, EV 98.8 MPH)
|
|
Batting: SHB Chris Morrison
|
0-0: Ground out 6-3 (Groundball, 6S, EV 65.0 MPH)
|
|
Batting: RHB Scott Hansen
|
0-0: Called Strike 0-1: Called Strike 0-2: Foul Ball, location: 2F 0-2: Foul Ball, location: 2F 0-2: Ball 1-2: Ground out 6-3 (Groundball, 6, EV 86.9 MPH)
|
| Top of the 1st over - 0 runs, 0 hits, 0 errors, 0 left on base; Americus 0 - Tijuana 0 |
| BOTTOM OF THE 1ST |
|
Tijuana Toros batting - Pitching for Americus Braves : RHP Matt Glover
|
|
Pitching: RHP Matt Glover
|
|
|
Batting: RHB Alex Diaz
|
0-0: Foul Ball, location: 2F 0-1: Called Strike 0-2: Ball 1-2: Foul Ball, location: 2F 1-2: Strikes out looking
|
|
Batting: RHB Guillermo Puente
|
0-0: Ball 1-0: Ball 2-0: Foul Ball, location: 2F 2-1: Foul Ball, location: 2F 2-2: Ground out 6-3 (Groundball, 6, EV 101.9 MPH)
|
|
Batting: RHB Jerry Afghani
|
0-0: Fly out, F8 (Flyball, 8LD, EV 105.6 MPH)
|
| Bottom of the 1st over - 0 runs, 0 hits, 0 errors, 0 left on base; Americus 0 - Tijuana 0 |
| TOP OF THE 2ND |
|
Americus Braves batting - Pitching for Tijuana Toros : RHP Jose Diaz
|
|
Batting: LHB Garret Mathis
|
0-0: Ball 1-0: Foul Ball, location: 2F 1-1: Fly out, F9 (Flyball, 89S, EV 91.2 MPH)
|
|
Batting: RHB Josh Maxwell
|
0-0: Fly out, F7 (Flyball, 7S, EV 83.8 MPH)
|
|
Batting: RHB Wilson Salgado
|
0-0: Ground out 6-3 (Groundball, 6, EV 85.6 MPH)
|
| Top of the 2nd over - 0 runs, 0 hits, 0 errors, 0 left on base; Americus 0 - Tijuana 0 |
| BOTTOM OF THE 2ND |
|
Tijuana Toros batting - Pitching for Americus Braves : RHP Matt Glover
|
|
Batting: RHB Shiki Nomoto
|
0-0: Ball 1-0: Ball 2-0: Ball 3-0: Called Strike 3-1: Foul Ball, location: 2F 3-2: Ground out U3 (Groundball, 13, EV 88.1 MPH)
|
|
Batting: RHB Tan-ming Kwan
|
0-0: Ball 1-0: Ball 2-0: Ball 3-0: Called Strike 3-1: Foul Ball, location: 2F 3-2: Foul Ball, location: 2F 3-2: Fly out, F6 (Popup, 6MS, EV 76.2 MPH)
|
|
Batting: RHB Jesus Herrera
|
0-0: Ball 1-0: Ball 2-0: Foul Ball, location: 2F 2-1: Foul Ball, location: 2F 2-2: Fly out, F7 (Flyball, 7D, EV 96.9 MPH)
|
| Bottom of the 2nd over - 0 runs, 0 hits, 0 errors, 0 left on base; Americus 0 - Tijuana 0 |
| TOP OF THE 3RD |
|
Americus Braves batting - Pitching for Tijuana Toros : RHP Jose Diaz
|
|
Batting: RHB Chris Foss
|
0-0: Foul Ball, location: 2F 0-1: Ball 1-1: Ball 2-1: Foul Ball, location: 2F 2-2: Foul Ball, location: 2F 2-2: Strikes out swinging
|
|
Batting: RHB Travis Mendoza
|
0-0: Foul Ball, location: 2F 0-1: Swinging Strike 0-2: Foul Ball, location: 2F 0-2: Ball 1-2: Foul Ball, location: 2F 1-2: Fly out, F8 (Flyball, 78D, EV 93.1 MPH)
|
|
Batting: LHB Pappy Sterile
|
0-0: Foul Ball, location: 2F 0-1: Called Strike 0-2: Strikes out swinging
|
| Top of the 3rd over - 0 runs, 0 hits, 0 errors, 0 left on base; Americus 0 - Tijuana 0 |
| BOTTOM OF THE 3RD |
|
Tijuana Toros batting - Pitching for Americus Braves : RHP Matt Glover
|
|
Batting: RHB Djoka Subasic
|
0-0: Called Strike 0-1: Ball 1-1: Ball 2-1: Fly out, F4 (Popup, 4M, EV 70.6 MPH)
|
|
Batting: LHB Jose Diaz
|
0-0: Foul Ball, location: 2F 0-1: Foul Ball, location: 2F 0-2: Foul Ball, location: 2F 0-2: Ball 1-2: Foul Ball, location: 2F 1-2: Strikes out looking
|
|
Batting: RHB Clay Holgate
|
0-0: Ball 1-0: Ball 2-0: Ground out 5-3 (Groundball, 56, EV 86.2 MPH)
|
| Bottom of the 3rd over - 0 runs, 0 hits, 0 errors, 0 left on base; Americus 0 - Tijuana 0 |
| TOP OF THE 4TH |
|
Americus Braves batting - Pitching for Tijuana Toros : RHP Jose Diaz
|
|
Batting: RHB Ryan Cole
|
0-0: Called Strike 0-1: Swinging Strike 0-2: Ball 1-2: Ball 2-2: Fly out, F7 (Flyball, 78M, EV 92.5 MPH)
|
|
Batting: SHB Chris Morrison
|
0-0: Ball 1-0: Ball 2-0: Called Strike 2-1: Foul Ball, location: 2F 2-2: Foul Ball, location: 2F 2-2: Ball 3-2: Foul Ball, location: 2F 3-2: Foul Ball, location: 2F 3-2: Strikes out swinging
|
|
Batting: RHB Scott Hansen
|
0-0: Called Strike 0-1: Called Strike 0-2: Ball 1-2: Foul Ball, location: 2F 1-2: Ball 2-2: Foul Ball, location: 2F 2-2: Fly out, F7 (Flyball, 78M, EV 90.0 MPH)
|
| Top of the 4th over - 0 runs, 0 hits, 0 errors, 0 left on base; Americus 0 - Tijuana 0 |
| BOTTOM OF THE 4TH |
|
Tijuana Toros batting - Pitching for Americus Braves : RHP Matt Glover
|
|
Batting: RHB Alex Diaz
|
0-0: Ball 1-0: Ball 2-0: Ball 3-0: Called Strike 3-1: Ground out 5-3 (Groundball, 56, EV 100.0 MPH)
|
|
Batting: RHB Guillermo Puente
|
0-0: Swinging Strike 0-1: Called Strike 0-2: Ball 1-2: Foul Ball, location: 2F 1-2: Strikes out swinging
|
|
Batting: RHB Jerry Afghani
|
0-0: Ground out 1-3 (Groundball, 13, EV 70.6 MPH)
|
| Bottom of the 4th over - 0 runs, 0 hits, 0 errors, 0 left on base; Americus 0 - Tijuana 0 |
| TOP OF THE 5TH |
|
Americus Braves batting - Pitching for Tijuana Toros : RHP Jose Diaz
|
|
Batting: LHB Garret Mathis
|
0-0: Foul Ball, location: 2F 0-1: Foul Ball, location: 2F 0-2: Ball 1-2: Foul Ball, location: 2F 1-2: SINGLE (Line Drive, 89S, EV 111.2 MPH)
|
|
Batting: RHB Josh Maxwell
|
0-0: Ball 1-0: Foul Ball, location: 2F 1-1: Ball 2-1: Ball 3-1: Swinging Strike 3-2: Foul Ball, location: 2F 3-2: Base on Balls Garret Mathis to second
|
|
Batting: RHB Wilson Salgado
|
0-0: Called Strike 0-1: Foul Ball, location: 2F 0-2: Ball 1-2: Fly out, F8 (Flyball, 8RS, EV 93.1 MPH)
|
|
Batting: RHB Chris Foss
|
0-0: SINGLE (Flyball, 56D, EV 91.2 MPH) Garret Mathis to third Josh Maxwell to second
|
|
Batting: RHB Travis Mendoza
|
0-0: Foul Ball, location: 2F 0-1: SINGLE (Line Drive, 34D, EV 98.1 MPH) Garret Mathis scores Josh Maxwell to third Chris Foss to second
|
|
Batting: LHB Pappy Sterile
|
0-0: Called Strike 0-1: Called Strike 0-2: Ball 1-2: Fly out, F8 (Flyball, 78D, EV 109.4 MPH) Runner from 3rd tags up, SCORES, throw by CF Chris Foss to third
|
|
Batting: RHB Ryan Cole
|
0-0: Foul Ball, location: 2F 0-1: Ball 1-1: Swinging Strike 1-2: Fielders Choice at 2nd, 6-4 (Groundball, 6, EV 86.2 MPH)
|
| Top of the 5th over - 2 runs, 3 hits, 0 errors, 2 left on base; Americus 2 - Tijuana 0 |
| BOTTOM OF THE 5TH |
|
Tijuana Toros batting - Pitching for Americus Braves : RHP Matt Glover
|
|
Batting: RHB Shiki Nomoto
|
0-0: SINGLE (Groundball, 4MD, EV 97.5 MPH) (infield hit)
|
|
Batting: RHB Tan-ming Kwan
|
0-0: Ball 1-0: Foul Ball, location: 2F 1-1: Swinging Strike 1-2: Ball 2-2: Fielders Choice at 2nd, 4-6 (Groundball, 4, EV 101.2 MPH)
|
|
Batting: RHB Jesus Herrera
|
0-0: Ball Tan-ming Kwan is caught stealing 2nd base 2-4 1-0: Foul Ball, location: 2F 1-1: Ball 2-1: Called Strike 2-2: Strikes out swinging
|
| Bottom of the 5th over - 0 runs, 1 hit, 0 errors, 0 left on base; Americus 2 - Tijuana 0 |
| TOP OF THE 6TH |
|
Americus Braves batting - Pitching for Tijuana Toros : RHP Jose Diaz
|
|
Pitching: RHP Ben Madar
|
|
|
Batting: SHB Chris Morrison
|
0-0: Ball 1-0: Foul Ball, location: 2F 1-1: SINGLE (Line Drive, 6D, EV 100.0 MPH)
|
|
Batting: RHB Scott Hansen
|
0-0: Ball Chris Morrison is caught stealing 2nd base 2-4 1-0: Ball 2-0: Ball 3-0: Base on Balls
|
|
Batting: LHB Garret Mathis
|
0-0: Called Strike 0-1: Called Strike 0-2: Ball 1-2: Fly out, F9 (Line Drive, 9, EV 97.5 MPH)
|
|
Batting: RHB Josh Maxwell
|
0-0: Called Strike 0-1: Ball 1-1: Ball Scott Hansen steals 2nd base 2-1: 2-RUN HOME RUN (Flyball, 9D, EV 92.5 MPH), Distance : 365 ft
|
|
Batting: RHB Wilson Salgado
|
0-0: Ball 1-0: Foul Ball, location: 2F 1-1: SINGLE (Groundball, 4M, EV 105.6 MPH) (infield hit)
|
|
Batting: RHB Chris Foss
|
0-0: Fly out, F7 (Line Drive, 7S, EV 90.0 MPH)
|
| Top of the 6th over - 2 runs, 3 hits, 0 errors, 1 left on base; Americus 4 - Tijuana 0 |
| BOTTOM OF THE 6TH |
|
Tijuana Toros batting - Pitching for Americus Braves : RHP Matt Glover
|
|
Batting: RHB Djoka Subasic
|
0-0: Called Strike 0-1: Ground out 5-3 (Groundball, 56S, EV 79.4 MPH)
|
|
Batting: LHB Jose Diaz
|
0-0: Ball 1-0: Foul Ball, location: 2F 1-1: Fly out, F7 (Flyball, 7, EV 88.8 MPH)
|
|
Batting: RHB Clay Holgate
|
0-0: Foul Ball, location: 2F 0-1: Swinging Strike 0-2: Foul Ball, location: 2F 0-2: Ball 1-2: Ball 2-2: Ball 3-2: Ground out 4-3 (Groundball, 4, EV 85.0 MPH)
|
| Bottom of the 6th over - 0 runs, 0 hits, 0 errors, 0 left on base; Americus 4 - Tijuana 0 |
| TOP OF THE 7TH |
|
Americus Braves batting - Pitching for Tijuana Toros : RHP Ben Madar
|
|
Batting: RHB Travis Mendoza
|
0-0: Ball 1-0: Ball 2-0: Fly out, F6 (Popup, 6M, EV 55.6 MPH)
|
|
Batting: LHB Pappy Sterile
|
0-0: Called Strike 0-1: Ball 1-1: Ball 2-1: Ball 3-1: Base on Balls
|
|
Batting: RHB Ryan Cole
|
0-0: Called Strike Pappy Sterile steals 2nd base 0-1: Ball 1-1: Ball Wild Pitch! Pappy Sterile to third 2-1: Ball 3-1: Base on Balls
|
|
Pitching: RHP Jimmy Hitchcock
|
|
|
Batting: SHB Chris Morrison
|
0-0: Ball 1-0: Fly out, F7 (Flyball, 7LS, EV 87.5 MPH)
|
|
Batting: RHB Scott Hansen
|
0-0: Ball 1-0: Called Strike 1-1: Ball 2-1: SINGLE (Groundball, 25, EV 66.2 MPH) (infield hit) Pappy Sterile scores Ryan Cole to second
|
|
Batting: LHB Garret Mathis
|
0-0: Ball 1-0: Called Strike 1-1: Ball 2-1: Ball 3-1: Base on Balls Ryan Cole to third Scott Hansen to second
|
|
Batting: RHB Josh Maxwell
|
0-0: Ball 1-0: Swinging Strike 1-1: Ball 2-1: Ball 3-1: Swinging Strike 3-2: Foul Ball, location: 2F 3-2: Strikes out swinging
|
| Top of the 7th over - 1 run, 1 hit, 0 errors, 3 left on base; Americus 5 - Tijuana 0 |
| BOTTOM OF THE 7TH |
|
Tijuana Toros batting - Pitching for Americus Braves : RHP Matt Glover
|
|
Batting: RHB Alex Diaz
|
0-0: Called Strike 0-1: Ball 1-1: Ball 2-1: Ball 3-1: Called Strike 3-2: Strikes out swinging
|
|
Batting: RHB Guillermo Puente
|
0-0: Ball 1-0: Ground out 5-3 (Groundball, 56S, EV 85.0 MPH)
|
|
Batting: RHB Jerry Afghani
|
0-0: Ball 1-0: TRIPLE (Line Drive, 8RXD, EV 101.2 MPH)
|
|
Batting: RHB Shiki Nomoto
|
0-0: DOUBLE (Line Drive, 9LM, EV 104.4 MPH) Jerry Afghani scores
|
|
Batting: RHB Tan-ming Kwan
|
0-0: Ball 1-0: Called Strike 1-1: Called Strike 1-2: Ball 2-2: Ball 3-2: Base on Balls
|
|
Batting: RHB Jesus Herrera
|
0-0: Ball 1-0: Fly out, F9 (Line Drive, 89M, EV 96.2 MPH)
|
| Bottom of the 7th over - 1 run, 2 hits, 0 errors, 2 left on base; Americus 5 - Tijuana 1 |
| TOP OF THE 8TH |
|
Americus Braves batting - Pitching for Tijuana Toros : RHP Jimmy Hitchcock
|
|
Batting: RHB Wilson Salgado
|
0-0: Called Strike 0-1: Ball 1-1: Ball 2-1: Fly out, F9 (Flyball, 9, EV 86.2 MPH)
|
|
Batting: RHB Chris Foss
|
0-0: Ball 1-0: Swinging Strike 1-1: Called Strike 1-2: Foul Ball, location: 2F 1-2: Strikes out swinging
|
|
Batting: RHB Travis Mendoza
|
0-0: Ground out 6-3 (Groundball, 6, EV 110.0 MPH)
|
| Top of the 8th over - 0 runs, 0 hits, 0 errors, 0 left on base; Americus 5 - Tijuana 1 |
| BOTTOM OF THE 8TH |
|
Tijuana Toros batting - Pitching for Americus Braves : RHP Matt Glover
|
|
Batting: RHB Djoka Subasic
|
0-0: Ball 1-0: Foul Ball, location: 2F 1-1: Called Strike 1-2: DOUBLE (Flyball, 8LXD, EV 109.4 MPH)
|
|
Batting: LHB Jose Diaz
|
0-0: Foul Ball, location: 2F 0-1: Ball 1-1: Ball 2-1: Swinging Strike 2-2: Ball 3-2: Base on Balls
|
|
Pitching: RHP Justus Gonzales
|
|
|
Pinch Hitting: RHB Jaylen North
|
0-0: Called Strike 0-1: Ball 1-1: Called Strike 1-2: Ball 2-2: Ball 3-2: Foul Ball, location: 2F 3-2: Foul Ball, location: 2F 3-2: Fly out, F7 (Flyball, 7, EV 86.2 MPH)
|
|
Batting: RHB Alex Diaz
|
0-0: Swinging Strike 0-1: Called Strike 0-2: Foul Ball, location: 2F 0-2: Strikes out swinging
|
|
Batting: RHB Guillermo Puente
|
0-0: Ball 1-0: Swinging Strike 1-1: Foul Ball, location: 2F 1-2: Foul Ball, location: 2F 1-2: Ball 2-2: Strikes out swinging
|
| Bottom of the 8th over - 0 runs, 1 hit, 0 errors, 2 left on base; Americus 5 - Tijuana 1 |
| TOP OF THE 9TH |
|
Americus Braves batting - Pitching for Tijuana Toros : RHP Jimmy Hitchcock
|
|
Pitching: RHP Bob Whitfield
|
|
|
Now at 1B: Jaylen North
|
|
|
Batting: LHB Pappy Sterile
|
0-0: Fly out, F9 (Flyball, 9, EV 81.9 MPH)
|
|
Batting: RHB Ryan Cole
|
0-0: Ball 1-0: Called Strike 1-1: Foul Ball, location: 2F 1-2: Ball 2-2: Foul Ball, location: 2F 2-2: Foul Ball, location: 2F 2-2: Ball 3-2: Foul Ball, location: 2F 3-2: Fly out, F8 (Flyball, 8RS, EV 82.5 MPH)
|
|
Batting: SHB Chris Morrison
|
0-0: Called Strike 0-1: Ball 1-1: SINGLE (Line Drive, 4D, EV 99.4 MPH)
|
|
Batting: RHB Scott Hansen
|
0-0: Called Strike 0-1: Swinging Strike 0-2: Ball 1-2: Ball 2-2: Foul Ball, location: 2F 2-2: Foul Ball, location: 2F 2-2: Fly out, F3 (Line Drive, 3L, EV 73.1 MPH)
|
| Top of the 9th over - 0 runs, 1 hit, 0 errors, 1 left on base; Americus 5 - Tijuana 1 |
| BOTTOM OF THE 9TH |
|
Tijuana Toros batting - Pitching for Americus Braves : RHP Justus Gonzales
|
|
Batting: RHB Jerry Afghani
|
0-0: Ball 1-0: Called Strike 1-1: Ball 2-1: Called Strike 2-2: Strikes out swinging
|
|
Batting: RHB Shiki Nomoto
|
0-0: SINGLE (Line Drive, 6MD, EV 97.5 MPH)
|
|
Batting: RHB Tan-ming Kwan
|
0-0: Called Strike 0-1: Ball 1-1: Called Strike 1-2: Fly out, F6 (Flyball, 6MD, EV 95.0 MPH)
|
|
Pinch Hitting: SHB Luis Diaz
|
0-0: Swinging Strike 0-1: Ball 1-1: Ball 2-1: Foul Ball, location: 2F 2-2: Ball 3-2: Strikes out looking
|
| Bottom of the 9th over - 0 runs, 1 hit, 0 errors, 1 left on base; Americus 5 - Tijuana 1 |
|